 Dungeon Crawl Stone Soup version 0.18.1-47-g9310371 (webtiles) character file.

52 senseless the Cudgeler (level 3, 28/28 HPs)
             Began as a Demonspawn Gladiator on June 14, 2016.
             Was an Initiate of Gozag.
             Quit the game on level 2 of the Dungeon on June 17, 2016.
             The game lasted 00:06:58 (1486 turns).

senseless the Cudgeler (Demonspawn Gladiator)       Turns: 1486, Time: 00:06:59

Health: 28/28      AC: 11    Str: 15    XL:     3   Next: 60%
Magic:  3/3        EV:  5    Int:  9    God:    Gozag
Gold:   140        SH:  0    Dex: 14    Spells: 0 memorised, 2 levels left

rFire  . . .     SeeInvis .     a - +0 flail
rCold  . . .     Gourm    .     q - +0 plate armour
rNeg   . . .     Faith    .     (no shield)
rPois  .         Spirit   .     c - +0 helmet
rElec  .         Dismiss  +     (no cloak)
rCorr  .         Reflect  .     (no gloves)
SustAt .         Harm     .     (no boots)
MR     .....                    l - amulet of dismissal
Stlth  ..........               (no ring)
                                (no ring)

@: not resistant to hostile enchantments, extremely unstealthy
A: claws 1, demonic guardian 1
a: Potion Petition, Call Merchant, Bribe Branch, Renounce Religion


You were on level 2 of the Dungeon.
You worshipped Gozag.
Gozag was noncommittal.
You were very hungry.

You visited 1 branch of the dungeon, and saw 2 of its levels.

You collected 140 gold pieces.

Inventory:

Hand Weapons
 a - a +0 flail (weapon)
Missiles
 d - 3 throwing nets (quivered)
Armour
 b - a +0 leather armour
 c - a +0 helmet (worn)
 j - a +0 pair of gloves
 q - a +0 plate armour (worn)
Jewellery
 l - an amulet of dismissal (around neck)
Wands
 t - a wand of flame (19/48)
Scrolls
 h - 2 scrolls of enchant weapon {unknown}
 k - a scroll of remove curse {unknown}
 o - 2 scrolls of magic mapping {unknown}
 r - a scroll of fog {unknown}
Potions
 e - a potion of haste {unknown}
 g - a potion of brilliance {unknown}
 i - 2 potions of cure mutation {unknown}
 m - a potion of heal wounds {unknown}
 n - a potion of lignification {unknown}
 p - 2 potions of agility {unknown}
 s - a potion of might {unknown}
Comestibles
 f - a bread ration


   Skills:
 * Level 2.8 Fighting
 + Level 3.2 Maces & Flails
 - Level 1.7 Throwing
 + Level 1.2 Armour
 + Level 2.9 Dodging


You had 2 spell levels left.
You didn't know any spells.

Dungeon Overview and Level Annotations

Branches:
Dungeon (2/15)

Altars:
Ashenzari
Gozag


Innate Abilities, Weirdness & Mutations

You have sharp fingernails.
A weak demonic guardian rushes to your aid.


Message History

The adder is severely wounded.
The adder barely misses you. The adder bites you.
Your amulet of dismissal vibrates suddenly!
The adder disappears!
No target in view!
You feel sick.
You feel sick.
You are no longer poisoned.
Your plate armour prevents you from hitting the hobgoblin.
The hobgoblin barely misses you.
Your plate armour prevents you from hitting the hobgoblin.
The hobgoblin hits you but does no damage.
The hobgoblin barely misses you.
You hit the hobgoblin.
You kill the hobgoblin!
No target in view!
You now have 140 gold pieces (gained 8).
You are feeling very hungry.
Found a shattered altar of Ashenzari.
Are you sure you want to abandon this character and quit the game? (Confirm with "yes".)

#.......##........ ...# #.#
#.......##.###.### ### ###
#.##...........# ........##.###.#
#.#............#
........##.###.#########
.............#..........
###.<..###.#.#........._
.......###.#.#..@.......
.....).......#.#########
.##....###...#.# .
.##............# (
)##....###...#.# .
.##....###.....##################
.##..........#.##.#.......##.....
.###...####......................
.###...# #......................


There were no monsters in sight!

Vanquished Creatures
  A gnoll (D:1)
  A dart slug (D:2)
  2 giant geckos (D:1)
  A giant cockroach (D:2)
  2 goblins
  10 hobgoblins
  3 kobolds
  4 bats
  5 giant newts
  9 rats
38 creatures vanquished.

Notes
Turn   | Place    | Note
--------------------------------------------------------------
     0 | D:1      | senseless the Demonspawn Gladiator began the quest for the Orb.
     0 | D:1      | Reached XP level 1. HP: 16/16 MP: 1/1
     2 | D:1      | Noticed a demigod
     2 | D:1      | Noticed a dwarf
     4 | D:1      | Noticed a naga
     4 | D:1      | Noticed an elf
     8 | D:1      | Noticed a vampire
     8 | D:1      | Noticed a spriggan
    10 | D:1      | Noticed a vine stalker
    10 | D:1      | Noticed a troll
    12 | D:1      | Noticed a formicid
    12 | D:1      | Noticed a minotaur
    14 | D:1      | Noticed a tengu
    14 | D:1      | Noticed a draconian
    16 | D:1      | Noticed a demonspawn
    16 | D:1      | Noticed an octopode
    18 | D:1      | Noticed a human
    20 | D:1      | Noticed a gargoyle
    20 | D:1      | Noticed a merfolk
    22 | D:1      | Noticed a felid
    22 | D:1      | Noticed a centaur
    24 | D:1      | Noticed a halfling
    26 | D:1      | Noticed an ogre
    26 | D:1      | Noticed a ghoul
    45 | D:1      | Gained mutation: A weak demonic guardian rushes to your aid. [demonic ancestry]
    45 | D:1      | Reached XP level 2. HP: 17/23 MP: 2/2
   481 | D:1      | Reached skill level 3 in Maces & Flails
   699 | D:1      | Gained mutation: You have sharp fingernails. [demonic ancestry]
   699 | D:1      | Reached XP level 3. HP: 22/28 MP: 3/3
   904 | D:2      | Reached skill level 1 in Armour
  1084 | D:2      | Found a faded altar to an unknown god.
  1092 | D:2      | Became a worshipper of Gozag Ym Sagoz the Greedy
  1485 | D:2      | Found a shattered altar of Ashenzari.
  1486 | D:2      | Quit the game

Skill      XL: |  1  2  3 |
---------------+----------+-----
Maces & Flails | 3 |  3.2
Armour         | 1 |  1.2
Fighting       | |  2.8
Throwing       | |  1.7
Dodging        | |  2.9

Action                   || total
-------------------------++-------
Melee: Flail             ||   148
  Eat: Chunk             ||     1
Armor: Leather armour    ||    36
       Plate armour      ||    39
Dodge: Dodged            ||   101
